 Dungeon Crawl Stone Soup version 0.24-a0-201-gf205589 (webtiles) character file.

Game seed: 15411228111096258164

6129 Mgcat the Destroyer (level 10, -3/60 HPs)
             Began as a Gargoyle Conjurer on Mar 22, 2019.
             Was a High Priest of Lugonu.
             Killed from afar by a gargoyle (34 damage)
             ... with a stone arrow
             ... on level 8 of the Dungeon.
             The game lasted 00:34:52 (11447 turns).

Mgcat the Destroyer (Gargoyle Conjurer)            Turns: 11447, Time: 00:34:53

Health: -3/60      AC: 13    Str: 12    XL:     10   Next: 89%
Magic:  13/20      EV: 12    Int: 24    God:    Lugonu [*****.]
Gold:   702        SH:  0    Dex: 10    Spells: 15/22 levels left

rFire    . . .     SeeInvis .   s - +7 mace (drain)
rCold    . . .     Gourm    .   (no shield)
rNeg     + . .     Faith    .   q - +0 ring mail
rPois    ∞         Spirit   .   n - +0 helmet
rElec    +         Reflect  .   (no cloak)
rCorr    .         Harm     .   (no gloves)
MR       .....                  (no boots)
Stlth    +.........             b - amulet of regeneration {+regen, !d}
HPRegen  0.00/turn              m - ring of wizardry {Wiz+, !d}
MPRegen  0.17/turn              A - +3 ring of intelligence

@: about to teleport
A: hooves 1, clever 1, negative energy resistance 1, electricity resistance,
inhibited regeneration, unbreathing, petrification resistance, rot immunity, AC
+7
a: Depart the Abyss, Bend Space, Banish, Corrupt, Enter the Abyss, Renounce
Religion


You were on level 8 of the Dungeon.
You worshipped Lugonu.
Lugonu was extremely pleased with you.
You were near starving.

You visited 1 branch of the dungeon, and saw 10 of its levels.
You also visited: Sewer.

You collected 702 gold pieces.

Inventory:

Hand Weapons
 s - a +7 mace of draining (weapon)
   (You found it on level 6 of the Dungeon)
Armour
 a - a +0 robe
 n - a +0 helmet (worn)
   (You found it on level 3 of the Dungeon)
 q - a +0 ring mail (worn)
   (You found it on level 4 of the Dungeon)
Jewellery
 b - an amulet of regeneration (around neck) {+regen, !d}
   (You found it on level 1 of the Dungeon)
 m - a ring of wizardry (left hand) {Wiz+, !d}
   (You found it on level 2 of the Dungeon)
 x - an uncursed amulet of guardian spirit {unknown}
   (You found it on level 6 of the Dungeon)
 z - an uncursed ring of resist corrosion
   (You found it on level 6 of the Dungeon)
 A - a +3 ring of intelligence (right hand)
   (You found it on level 6 of the Dungeon)
 C - an uncursed ring of ice {rC+, rF-}
   (You found it on level 8 of the Dungeon)
Wands
 f - a wand of random effects (49)
   (You took it off Grinder on level 3 of the Dungeon)
 g - a wand of polymorph (12)
   (You found it on level 7 of the Dungeon)
 w - a wand of digging (4)
   (You found it on level 6 of the Dungeon)
Scrolls
 d - 15 scrolls of remove curse
 k - a scroll of fog
 l - a scroll of teleportation
 y - 4 scrolls of identify
 B - a scroll of magic mapping {!r}
Potions
 e - 4 potions of flight
 h - 2 potions of lignification {!q}
 i - a potion of invisibility
 j - 4 potions of cancellation
 o - a potion of ambrosia
 p - 2 potions of brilliance
 r - 5 potions of curing
 t - a potion of haste
 u - 5 potions of agility
 v - a potion of degeneration {unknown}
 D - a potion of berserk rage {unknown}
Comestibles
 c - 11 rations


   Skills:
 + Level 5.9 Fighting
 + Level 2.5 Maces & Flails
 + Level 2.7 Armour
 + Level 4.8 Dodging
 - Level 2.1 Stealth
 + Level 6.9 Spellcasting
 + Level 9.1 Conjurations
 - Level 5.0 Hexes
 + Level 7.3 Invocations


You had 15 spell levels left.
You knew the following spells:

 Your Spells              Type           Power        Failure   Level  Hunger
a - Magic Dart            Conj           ####         1%          1    None
b - Searing Ray           Conj           ######       1%          2    None
c - Fulminant Prism       Conj/Hex       #####.....   3%          4    ###....

Your spell library contained the following spells:

 Spells                   Type           Power        Failure   Level  Hunger
 Dazzling Spray           Conj/Hex       #####.       1%          3    None
 Iskenderun's Mystic Bla  Conj           ######..     1%          4    ###....
 Force Lance              Conj/Tloc      ####....     10%         4    ###....


Dungeon Overview and Level Annotations

Branches:
Dungeon (10/15)            Temple (0/1) D:7            Lair (0/6) D:8
    Orc: D:9-12

Altars:
Cheibriados
Elyvilon
Makhleb
Nemelex Xobeh
Qazlal
Uskayaw
Vehumet
Wu Jian
Xom
Yredelemnul
Zin
Beogh
Lugonu

Annotations:
D:5 3 runed translucent doors, confidenceinterval's ghost, novice MiFi
D:8 1 runed translucent door
D:10 1 runed translucent door, confidenceinterval's ghost, journeyman MiFi


Innate Abilities, Weirdness & Mutations

You are resistant to torment.
Your stone body is resilient. (AC +7)
You are immune to poison.
You resist negative energy. (rN+)
You are resistant to electric shocks. (rElec)
You can survive without breathing.
You are immune to petrification.
You are immune to rotting.
You have large cloven feet.
Your mind is acute. (Int +2)
You do not regenerate when monsters are visible.


Message History

Casting: Magic Dart (safe; 1% risk of failure)
Confirm with . or Enter, or press ? or * to list all spells.
You don't have enough magic to cast that spell.
Casting: Magic Dart (safe; 1% risk of failure)
Confirm with . or Enter, or press ? or * to list all spells.
You don't have enough magic to cast that spell.
The iguana barely misses you.
You see here a poisoned needle.
You sock the iguana!
You kill the iguana!
Lugonu accepts your kill.
No target in view!
No target in view!
No target in view!
You are feeling very hungry.
Health restored: 60 You regained 13 mp, and now have 14/20 mp.
You see here a leopard gecko skeleton.
There is a stone staircase leading down here.
Items here: ( )) †† a +0 blowgun; a +0 whip; 7 poisoned needles; a scorpion corpse; a kobold corpse You regained 3 mp, and now have 17/20 mp.
y - 4 scrolls of identify (gained 1)
Things that are here:
a +0 blowgun; a +0 short sword; a kobold corpse
Items here: ( )) †† a +0 blowgun; a +0 whip; 7 poisoned needles; a scorpion corpse; a kobold corpse
D - a murky red potion
Things that are here:
a +0 short sword of freezing; a kobold corpse
Things that are here:
a +0 blowgun; a +0 short sword; a kobold corpse You see here a kobold corpse.
Things that are here:
a +0 trident; a +0 ring mail You see here a hound skeleton.
You see here a hound skeleton.
Things that are here:
25 sling bullets; a +0 leather armour; a +0 dagger; MP restored: 20 You see here a jackal skeleton.
You see here a hound skeleton.
r - 5 potions of curing (gained 1)
You see here a wolf skeleton.
Key pressed, stopping explore.
Found a staircase to the Lair.
You sense Yredelemnul urging you to kill the trapped human.
Found a basalt altar of Yredelemnul.
d - 15 scrolls of remove curse (gained 3)
You open the door.
A gargoyle comes into view. It is wielding a +0 mace.
The gargoyle hurls a stone arrow at you.
The stone arrow hits you!
You take 17 damage, and have 43/60 hp.
MASSIVE DAMAGE!!
Spoiler Alert: The gargoyle can cast Stone Arrow!
Unknown command.
Unknown command.
Unknown command.
Casting: Magic Dart (safe; 1% risk of failure)
Confirm with . or Enter, or press ? or * to list all spells.
Aiming: Fulminant Prism (safe; 3% risk of failure)
Press: ? - help, Dir - move target cursor
Okay, then.
Spoiler Alert: The gargoyle can cast Stone Arrow!
Unknown command.
The gargoyle hurls a stone arrow at you.
The stone arrow hits you!
You take 12 damage, and have 31/60 hp.
Casting: Fulminant Prism (safe; 3% risk of failure)
Confirm with . or Enter, or press ? or * to list all spells.
Aiming: Fulminant Prism (safe; 3% risk of failure)
Press: ? - help, Dir - move target cursor You conjure a prism of explosive energy!
You are near starving!
The gargoyle hurls a stone arrow at you.
The stone arrow misses you.
You now have 16/20 mp.
Spoiler Alert: The gargoyle can cast Stone Arrow!
Your fulminant prism crackles loudly.
Casting: Fulminant Prism (safe; 3% risk of failure)
Confirm with . or Enter, or press ? or * to list all spells.
Aiming: Searing Ray (safe; 1% risk of failure)
Press: ? - help, Shift-Dir - straight line, f - gargoyle
Aim: a gargoyle, wielding a +0 mace The searing ray hits the gargoyle but does no damage. (Press . to maintain the ray.)
Your fulminant prism explodes!
The blast of energy engulfs the gargoyle but does no damage.
You now have 14/20 mp.
Spoiler Alert: The gargoyle can cast Stone Arrow!
The searing ray hits the gargoyle but does no damage.
A gargoyle opens the door.
Something unseen opens the door.
A gargoyle opens the door.
You now have 13/20 mp.
Warning x3: The gargoyle can cast Stone Arrow! x3
As you read the scroll of teleportation, it crumbles to dust.
You feel strangely unstable.
The gargoyle hurls a stone arrow at you.
The stone arrow hits you!!
Ouch! That really hurt!
You die...

<......................##
.......########.........#
.......# #...##...##..
#...#########.###8...8#
#.........##..#$##...##
#...#####.##.###'.....+#
##### #.# #.......#
#.##+9......'
#.##.@..8....#
#.##9.......+#
#.#/#.......#
#.###'.....+# 9##+.+## #
##


You could see 3 gargoyles.

Vanquished Creatures
  A gargoyle (D:10)
  A troll (D:7)
  Grinder (D:3)
  2 hippogriffs
  Sigmund (D:2)
  Eustachio (D:5)
  A hungry ghost (D:10)
  Grum (D:6)
  A water moccasin (D:5)
  4 sky beasts
  4 orc warriors
  2 ice beasts
  2 ogres
  A necrophage (D:6)
  2 centaurs (D:10)
  4 wolves
  2 big kobolds
  3 bullfrogs
  2 gnoll sergeants (D:6)
  A water moccasin skeleton (D:4)
  2 scorpions
  An electric eel (D:8)
  3 howler monkeys
  2 crimson imps
  5 jellies
  2 bullfrog zombies
  A quasit (D:7)
  18 hounds
  4 orc priests
  7 orc wizards
  Natasha (thrice) (D:2)
  An iguana (D:8)
  6 worker ants
  2 hound skeletons (D:6)
  A worker ant zombie (D:5)
  7 gnolls
  16 adders
  2 howler monkey skeletons
  2 river rats (Sewer)
  5 shadow imps
  10 oozes
  An adder zombie (D:6)
  2 worms
  3 dart slugs
  6 leopard geckos
  28 orcs
  3 ball pythons
  9 giant cockroaches
  2 hobgoblins
  10 jackals
  23 kobolds
  4 quokkas
  8 bats
  5 frilled lizards
  5 goblins (D:1)
  A goblin zombie (D:8)
  A jackal skeleton (D:5)
  A leopard gecko zombie (D:6)
  A quokka zombie (D:3)
  11 rats
261 creatures vanquished.

Vanquished Creatures (others)
  An orc warrior (D:7)
  90 fulminant prisms
  6 fungi (D:2)
  6 toadstools (D:2)
103 creatures vanquished.

Grand Total: 364 creatures vanquished

Notes
Turn   | Place    | Note
-------+----------+-------------------------------------------
     0 | D:1      | Mgcat the Gargoyle Conjurer began the quest for the Orb.
     0 | D:1      | Reached XP level 1. HP: 10/10 MP: 3/3
   179 | D:1      | Reached XP level 2. HP: 15/15 MP: 1/5
   183 | D:1      | Learned a level 2 spell: Searing Ray
   728 | D:1      | Reached skill level 5 in Conjurations
   728 | D:1      | Reached XP level 3. HP: 16/19 MP: 0/7
  1350 | D:2      | Reached skill level 3 in Spellcasting
  1401 | D:2      | Found a faded altar of an unknown god.
  1413 | D:2      | Became a worshipper of Lugonu the Unformed
  1413 | D:2      | Reached * piety under Lugonu
  1413 | D:2      | Reached ** piety under Lugonu
  1481 | D:2      | Noticed Natasha
  1481 | D:2      | You fall through a shaft!
  1486 | D:3      | Reached XP level 4. HP: 24/24 MP: 3/8
  1612 | D:2      | Learned a level 4 spell: Fulminant Prism
  1647 | D:2      | Killed Natasha
  1647 | D:2      | Reached skill level 1 in Invocations
  1783 | D:2      | Noticed Natasha
  1789 | D:2      | Killed Natasha
  1789 | D:2      | Reached XP level 5. HP: 28/28 MP: 0/10
  1800 | D:2      | Noticed Sigmund
  1825 | D:2      | Gained mutation: Your mind is acute. (Int +2) [potion of
                  | mutation]
  1825 | D:2      | Gained mutation: You do not regenerate when monsters are
                  | visible. [potion of mutation]
  1825 | D:2      | Gained mutation: You have large cloven feet. [potion of
                  | mutation]
  1868 | D:2      | Killed Sigmund
  1868 | D:2      | Reached skill level 1 in Hexes
  1868 | D:2      | Reached skill level 2 in Invocations
  1868 | D:2      | Reached XP level 6. HP: 11/32 MP: 0/11
  2045 | D:2      | Noticed Natasha
  2050 | D:2      | Killed Natasha
  2050 | D:2      | Reached skill level 6 in Conjurations
  2158 | D:2      | Reached skill level 2 in Hexes
  2332 | D:2      | Reached skill level 4 in Spellcasting
  2374 | D:2      | Reached skill level 3 in Invocations
  2374 | D:2      | Reached XP level 7. HP: 36/36 MP: 1/13
  2866 | D:3      | Reached *** piety under Lugonu
  3422 | D:3      | Noticed Grinder
  3427 | D:3      | Paralysed by Grinder for 3 turns
  3432 | D:3      | Killed Grinder
  3812 | D:4      | Reached skill level 3 in Hexes
  3997 | D:4      | Reached skill level 4 in Invocations
  4143 | D:4      | Reached XP level 8. HP: 42/42 MP: 9/15
  4255 | D:4      | Reached skill level 1 in Fighting
  4432 | D:4      | Found an ornate altar of the Wu Jian Council.
  4651 | D:4      | Reached skill level 2 in Dodging
  4929 | D:5      | Entered Level 5 of the Dungeon
  4951 | D:5      | Reached skill level 7 in Conjurations
  4961 | D:5      | Reached **** piety under Lugonu
  4966 | D:4      | Reached skill level 5 in Spellcasting
  5066 | D:5      | Reached skill level 2 in Fighting
  5131 | D:5      | Found a glowing drain.
  5196 | Sewer    | Entered a sewer
  5483 | Sewer    | Found a white marble altar of Elyvilon.
  5840 | D:3      | Reached skill level 5 in Invocations
  6110 | D:5      | Found a runed translucent gate.
  6114 | D:5      | Found a runed translucent gate.
  6114 | D:5      | Found a runed translucent gate.
  6116 | D:5      | Identified the +6 morningstar "Spiderslayer" {flame, rF+
                  | rC+ Dex-5}
  6116 | D:5      | Identified the cursed +1 plate armour "Naosuh" {rC++}
  6133 | D:5      | Found a sparkling altar of Nemelex Xobeh.
  6135 | D:5      | Found a blossoming altar of Fedhas.
  6135 | D:5      | Found a hide-covered altar of Uskayaw.
  6144 | D:5      | Found a stormy altar of Qazlal.
  6144 | D:5      | Found a shimmering altar of Xom.
  6144 | D:5      | Found a radiant altar of Vehumet.
  6183 | D:5      | Found a roughly hewn altar of Beogh.
  6183 | D:5      | Noticed confidenceinterval's ghost (novice MiFi)
  6331 | D:5      | Noticed Eustachio
  6448 | D:5      | Killed Eustachio
  6448 | D:5      | Reached skill level 3 in Fighting
  6448 | D:5      | Reached skill level 4 in Hexes
  6448 | D:5      | Reached XP level 9. HP: 50/50 MP: 3/17
  6683 | D:6      | Reached skill level 3 in Dodging
  7412 | D:6      | Reached skill level 4 in Fighting
  7707 | D:6      | Noticed Grum
  7711 | D:6      | Killed Grum
  7711 | D:6      | Reached skill level 8 in Conjurations
  7752 | D:6      | Reached skill level 6 in Invocations
  7885 | D:6      | Reached skill level 6 in Spellcasting
  7967 | D:6      | Found a burning altar of Makhleb.
  8106 | D:6      | Reached ***** piety under Lugonu
  8223 | D:6      | Found a white marble altar of Elyvilon.
  8332 | D:6      | Reached skill level 5 in Hexes
  8461 | D:7      | You fall through a shaft for 3 floors!
  8461 | D:10     | Entered Level 10 of the Dungeon
  8469 | D:10     | Reached skill level 4 in Dodging
  8469 | D:10     | Reached XP level 10. HP: 46/58 MP: 7/19
  8704 | D:10     | Reached skill level 5 in Fighting
  8888 | D:10     | Noticed a gargoyle
  8891 | D:10     | Killed a gargoyle
  9027 | D:10     | Reached skill level 1 in Armour
  9108 | D:10     | Reached skill level 1 in Maces & Flails
  9183 | D:10     | Found a runed translucent door.
  9183 | D:10     | Noticed confidenceinterval's ghost (journeyman MiFi)
  9765 | D:8      | Found a glowing silver altar of Zin.
 10200 | D:7      | Found a snail-covered altar of Cheibriados.
 10327 | D:7      | Found a staircase to the Ecumenical Temple.
 10611 | D:7      | HP: 13/59 [orc warrior/+0 glaive (22)]
 10616 | D:7      | Reached skill level 7 in Invocations
 10871 | D:8      | Reached skill level 2 in Armour
 10880 | D:8      | Reached skill level 2 in Maces & Flails
 10905 | D:8      | Reached skill level 9 in Conjurations
 11325 | D:8      | Found a staircase to the Lair.
 11401 | D:8      | Found a runed translucent door.
 11404 | D:8      | Found a basalt altar of Yredelemnul.
 11441 | D:8      | Noticed a gargoyle
 11447 | D:8      | Noticed a gargoyle
 11447 | D:8      | Noticed a gargoyle
 11447 | D:8      | Killed from afar by a gargoyle

Levels and vault maps discovered:
D:1:      saegor_arrival_miasma, layout_basic
D:2:      cheibrodos_fertilizer, layout_rooms, first_ration,
          chequers_ecumenical_altar_island, minmay_pentomino_w2, uniq_natasha,
          uniq_sigmund
D:3:      layout_basic, serial_rivers, chequers_serial_rivers_small_a,
          chequers_serial_rivers_marsh, chequers_serial_rivers_micro_b,
          chequers_serial_rivers_room_b, chequers_serial_rivers_small_3,
          chequers_serial_rivers_micro_b, uniq_grinder
D:4:      layout_gridville, lemuel_doored_altar, chequers_garden
D:5:      layout_basic, biasface_ghost_orc_armoury, gup_sewer_entry_glass,
          doesnt_xom_only_xom, uniq_eustachio
D:6:      hangedman_cross_stitches, layout_cave_pools, elyvilon_altar_5,
          serial_gnoll_camp, grums_kennel, gnoll_camp_mini_hut,
          gnoll_camp_mini_sergeant, gnoll_camp_mini_doghouse,
          makhleb_blood_cavern_becter
D:7:      layout_loops_ring, slow_altar_2, minmay_temple_entry_statues_pillars
D:8:      cheibrodos_statue_roulette, layout_loops_ring, erik_lair_island,
          serial_shops, shop, basic_altar, dk_yredelemnul_ordeal
D:9:      layout_roguey, nicolae_overflow_hidden_temple, tso_metal_star,
          grunt_ogre_cave, minmay_statue_crystal_thing
D:10:     layout_long_grid, ebering_ghost_inner_flame
Sewer:    sewer_kobolds

Skill      XL: |  1  2  3  4  5  6  7  8  9 10 |
---------------+-------------------------------+-----
Conjurations   | 5 6 7 8 9 |  9.1
Spellcasting   | 3 4 5 6 |  6.9
Invocations    | 1 2 3 4 5 6 7 |  7.3
Hexes          | 1 2 3 4 5 |  5.0
Fighting       | 3 4 5 |  5.9
Dodging        | 2 4 |  4.8
Armour         | 2 |  2.7
Maces & Flails | 2 |  2.5
Stealth        | |  2.1

Action                   |  1- 3 |  4- 6 |  7- 9 | 10-12 || total
-------------------------+-------+-------+-------+-------++-------
Melee: Short sword       |     4 |    42 |    56 |       ||   102
       Kick              |       |       |    13 |     7 ||    20
       Mace              |       |       |     7 |    25 ||    32
 Cast: Magic Dart        |    69 |    33 |   206 |    63 ||   371
       Fulminant Prism   |       |    10 |    47 |    33 ||    90
       Searing Ray       |       |     7 |    36 |    29 ||    72
Invok: Banish            |       |       |       |     1 ||     1
  Use: Scroll            |       |     4 |    13 |     6 ||    23
       Potion            |       |     3 |       |       ||     3
  Eat: Chunk             |     2 |     4 |    23 |    11 ||    40
       Ration            |       |       |     1 |       ||     1
Armor: Robe              |     3 |    24 |    51 |       ||    78
       Skin              |       |    22 |       |       ||    22
       Ring mail         |       |       |    67 |    41 ||   108
Dodge: Dodged            |    10 |    35 |   139 |    48 ||   232

Table legend:
 A = Non-vault XP
 B = Vault XP
 C = Vault XP percentage of total XP
 D = Non-vault monster count
 E = Vault monster count
 F = Vault count percentage of total count
                 A         B        C        D         E       F
            +---------+---------+-------+---------+---------+-------
      Total |    5754 |    3002 |  34.3 |     189 |      73 |  27.9
            +---------+---------+-------+---------+---------+-------
        D:1 |      50 |       0 |   0.0 |      21 |       0 |   0.0
        D:2 |     123 |     462 |  79.0 |      20 |      21 |  51.2
        D:3 |     105 |     254 |  70.8 |      22 |       1 |   4.3
        D:4 |     629 |       0 |   0.0 |      24 |       0 |   0.0
        D:5 |     795 |     260 |  24.6 |      23 |       6 |  20.7
        D:6 |     738 |    1072 |  59.2 |      16 |      24 |  60.0
        D:7 |     862 |     297 |  25.6 |      16 |       2 |  11.1
        D:8 |     564 |     520 |  48.0 |      22 |       8 |  26.7
       D:10 |    1888 |       0 |   0.0 |      25 |       0 |   0.0
      Sewer |       0 |     137 | 100.0 |       0 |      11 | 100.0
            +---------+---------+-------+---------+---------+-------

Levels and vault maps discovered:
D:1:      saegor_arrival_miasma, layout_basic
D:2:      cheibrodos_fertilizer, layout_rooms, first_ration,
          chequers_ecumenical_altar_island, minmay_pentomino_w2, uniq_natasha,
          uniq_sigmund
D:3:      layout_basic, serial_rivers, chequers_serial_rivers_small_a,
          chequers_serial_rivers_marsh, chequers_serial_rivers_micro_b,
          chequers_serial_rivers_room_b, chequers_serial_rivers_small_3,
          chequers_serial_rivers_micro_b, uniq_grinder
D:4:      layout_gridville, lemuel_doored_altar, chequers_garden
D:5:      layout_basic, biasface_ghost_orc_armoury, gup_sewer_entry_glass,
          doesnt_xom_only_xom, uniq_eustachio
D:6:      hangedman_cross_stitches, layout_cave_pools, elyvilon_altar_5,
          serial_gnoll_camp, grums_kennel, gnoll_camp_mini_hut,
          gnoll_camp_mini_sergeant, gnoll_camp_mini_doghouse,
          makhleb_blood_cavern_becter
D:7:      layout_loops_ring, slow_altar_2, minmay_temple_entry_statues_pillars
D:8:      cheibrodos_statue_roulette, layout_loops_ring, erik_lair_island,
          serial_shops, shop, basic_altar, dk_yredelemnul_ordeal
D:9:      layout_roguey, nicolae_overflow_hidden_temple, tso_metal_star,
          grunt_ogre_cave, minmay_statue_crystal_thing
D:10:     layout_long_grid, ebering_ghost_inner_flame
Sewer:    sewer_kobolds

Table legend:
 A = Turns spent in this place as a percentage of turns spent in the entire game.
 B = Non-inter-level travel turns spent in this place as a percentage of non-inter-level travel turns spent in the entire game.
 C = Inter-level travel turns spent in this place as a percentage of turns spent in this place.
 D = Turns resting spent in this place as a percentage of non-inter-level travel turns spent in this place.
 E = Turns spent auto-exploring this place as a percentage of non-inter-level travel turns spent in this place.
 F = Non-inter-level travel turns spent in this place divided by the number of levels of this place that you've seen.
                   A       B       C       D       E      F
               +-------+-------+-------+-------+-------+----------------------
         Total | 100.0 | 100.0 |   5.9 |  13.6 |  70.4 | 979.5
       Dungeon |  97.1 |  96.9 |   6.1 |  12.8 |  71.0 | 1044.4
         Sewer |   2.9 |   3.1 |   0.0 |  38.2 |  50.3 | 330.0
               +-------+-------+-------+-------+-------+----------------------

Table legend:
 A = Kills in this place as a percentage of kills in entire the game.
 B = Kills by you in this place as a percentage of kills by you in the entire game.
 C = Kills by friends in this place as a percentage of kills by friends in the entire game.
 D = Other kills in this place as a percentage of other kills in the entire game.
 E = Experience gained in this place as a percentage of experience gained in the entire game.
 F = Experience gained in this place divided by the number of levels of this place that you have seen.
                   A       B       C       D       E      F
               +-------+-------+-------+-------+-------+----------------------
         Total | 100.0 | 100.0 |   N/A | 100.0 | 100.0 | 796.0
       Dungeon |  95.8 |  95.8 |   N/A | 100.0 |  98.4 | 861.9
         Sewer |   4.2 |   4.2 |   N/A |   0.0 |   1.6 | 137.0
               +-------+-------+-------+-------+-------+----------------------
